AoeStats
← LisanAlGaib16

Black Forest

509492479Analyzed
2v2 RM · 5d ago on Sep 27, 2026· 61m 37s· 4 players
Game mode
Random Map
Map size
Medium (4 player)
Population
200
Speed
Normal
Resources
Standard
Victory
Conquest
Starting age
Dark Age
Ending age
Imperial Age
RankedLock teamsTeams togetherTeam positionsShared explorationLock speedFull tech treeHidden civsTurbo modeCheats
Victory
Defeat
🇲🇽 Jurchens · Mexico
733
+17
🇲🇽 Varangians · Mexico
726
+18
🇺🇸 Lithuanians · United States
773
-18
🇨🇴 Celts · Colombia
750
-17
Satania Joestar
1:13 Loom
13:37 Feudal Age
19:25 Castle Age
17:26 Double-Bit Axe
17:23 Horse Collar
24:35 Wheelbarrow
25:01 Bow Saw
24:55 Heavy Plow
26:29 Hand Cart
26:57 Town Watch
30:31 Gold Mining
30:34 Stone Mining
31:04 Forging
30:58 Scale Mail Armor
34:02 Imperial Age
33:51 Fortified Wall
34:01 Ballistics
33:38 Murder Holes
33:49 Siege Engineers
33:54 Masonry
33:49 Squires
33:34 Arson
33:35 Gambesons
34:08 Town Patrol
35:25 Elite Fire Lancer
35:28 Pikeman
36:47 Iron Casting
36:28 Chain Mail Armor
36:14 Padded Archer Armor
36:07 Fletching
37:21 Two-Man Saw
36:24 Halberdier
38:20 Conscription
38:09 Fortified Bastions
39:28 Gold Shaft Mining
39:30 Stone Shaft Mining
40:21 Chemistry
40:14 Crop Rotation
43:48 Blast Furnace
43:05 Leather Archer Armor
43:19 Caravan
44:46 Thunderclap Bombs
45:31 Elite Skirmisher
46:44 Ring Archer Armor
46:10 Bodkin Arrow
47:38 Architecture
48:16 Hoardings
IsackGtz
0:42 Loom
17:43 Feudal Age
19:25 Horse Collar
19:32 Double-Bit Axe
20:26 Gold Mining
20:26 Stone Mining
29:00 Castle Age
27:05 Arson
28:08 Forging
27:58 Scale Mail Armor
28:31 Bloodlines
30:43 Heavy Plow
30:56 Bow Saw
31:24 Stone Shaft Mining
31:57 Squires
31:46 Gambesons
32:40 Iron Casting
32:20 Chain Mail Armor
33:42 Fletching
34:31 Fortified Wall
34:53 Masonry
34:31 Treadmill Crane
36:53 Bodkin Arrow
37:34 Murder Holes
38:00 Ballistics
39:21 Wheelbarrow
44:39 Imperial Age
42:26 Hand Cart
41:57 Town Watch
43:32 Town Patrol
44:11 Herbal Medicine
44:40 Scale Barding Armor
44:42 Husbandry
44:46 Gothikon
45:48 Conscription
44:55 Elite Varangian Guard
47:26 Plate Mail Armor
48:02 Blast Furnace
47:30 Chain Barding Armor
47:11 Bracer
48:08 Crop Rotation
47:45 Caravan
47:43 Elite Jarl
58:21 Two-Man Saw
58:29 Plate Barding Armor
57:54 Padded Archer Armor
58:32 Architecture
59:03 Chemistry
58:12 Siege Engineers
LisanAlGaib16
6:58 Loom
11:02 Feudal Age
11:41 Double-Bit Axe
14:07 Wheelbarrow
13:52 Horse Collar
19:34 Castle Age
19:17 Fletching
19:22 Gold Mining
19:47 Stone Mining
20:27 Bow Saw
21:30 Town Watch
26:13 Hand Cart
29:23 Heavy Plow
31:23 Crossbowman
32:02 Bodkin Arrow
32:08 Padded Archer Armor
32:32 Bloodlines
33:22 Forging
34:35 Husbandry
35:53 Scale Barding Armor
36:38 Leather Archer Armor
40:39 Imperial Age
38:33 Chain Barding Armor
38:55 Caravan
40:03 Iron Casting
40:54 Thumb Ring
41:58 Conscription
42:38 Hoardings
42:57 Ballistics
43:25 Cavalier
45:09 Plate Barding Armor
45:30 Masonry
46:22 Chemistry
45:20 Murder Holes
46:06 Bracer
47:06 Hoardings
47:09 Ring Archer Armor
46:37 Elite Leitis
48:09 Hill Forts
47:44 Elite Leitis
49:01 Hoardings
50:45 Elite Skirmisher
53:00 Two-Man Saw
52:33 Crop Rotation
52:47 Architecture
53:21 Treadmill Crane
53:59 Tower Shields
55:13 Cavalier
TukiRamirez
0:44 Loom
14:13 Feudal Age
14:50 Double-Bit Axe
14:48 Horse Collar
16:54 Gold Mining
18:08 Wheelbarrow
19:21 Town Watch
20:28 Stone Mining
23:45 Castle Age
22:06 Fletching
23:15 Arson
23:44 Forging
24:56 Bodkin Arrow
25:14 Bow Saw
25:21 Heavy Plow
25:58 Gold Shaft Mining
26:08 Stone Shaft Mining
25:36 Gambesons
29:39 Ballistics
29:30 Masonry
29:17 Murder Holes
31:23 Hand Cart
31:43 Town Patrol
32:25 Caravan
34:32 Fervor
35:07 Iron Casting
34:33 Scale Mail Armor
37:25 Imperial Age
35:41 Stronghold
37:32 Chain Mail Armor
36:50 Crossbowman
37:30 Capped Ram
39:13 Blast Furnace
38:45 Plate Mail Armor
38:38 Conscription
40:14 Hoardings
39:49 Husbandry
41:39 Chemistry
41:45 Furor Celtica
43:09 Siege Engineers
42:57 Guard Tower
43:18 Fortified Wall
43:16 Cavalier
44:06 Scale Barding Armor
44:36 Arrowslits
45:27 Keep
45:46 Chain Barding Armor
45:12 Elite Woad Raider
52:46 Sanctity
52:27 Devotion
52:24 Herbal Medicine
52:50 Heresy
52:35 Padded Archer Armor
52:56 Man-at-Arms
54:44 Leather Archer Armor
59:00 Onager
59:23 Long Swordsman
60:25 Two-Handed Swordsman
Connection lost

Rejoining the realm…

Still unreachable

The connection could not be restored.

Session expired

The server has moved on; the page needs a fresh start.